 Dungeon Crawl Stone Soup version 0.29.0-15-g675c0067aa (webtiles) character file.

Game seed: 12967626812378959041

1203 Powertoast the Ruffian (level 8, -1/121 HPs)
             Began as a Troll Berserker on Sept 12, 2022.
             Was a Priest of Trog.
             Succumbed to an orc warrior's poison
             ... on level 6 of the Dungeon.
             The game lasted 00:16:05 (4277 turns).

Powertoast the Ruffian (Troll Berserker)            Turns: 4277, Time: 00:16:06

Health: -1/121     AC:  4    Str: 26    XL:     8   Next: 21%
Magic:  7/7        EV: 11    Int:  3    God:    Trog [***...]
Gold:   150        SH:  5    Dex: 11    Spells: 7/7 levels left

rFire   . . .      SeeInvis +     - Unarmed
rCold   . . .      Faith    .   (no shield)
rNeg    . . .      Spirit   .   a - +0 animal skin
rPois   .          Reflect  +   (helmet restricted)
rElec   .          Harm     .   (no cloak)
rCorr   .          Rampage  .   (gloves unavailable)
Will    ++...                   (boots unavailable)
Stlth   ..........              d - amulet of reflection
HPRegen 2.10/turn               b - ring of see invisible
MPRegen 0.10/turn               (no ring)

@: berserking, lethally poisoned (-1 -> -5), strong-willed, regenerating, very
quick
A: large, unfitting armour, claws 3, regeneration 1, shaggy fur 1, tough skin 1
a: Renounce Religion, Berserk, Trog's Hand


You were on level 6 of the Dungeon.
You worshipped Trog.
Trog was most pleased with you.
You visited 1 branch of the dungeon, and saw 6 of its levels.

You collected 308 gold pieces.
You spent 158 gold pieces at shops.

Inventory:

Missiles
 t - 2 throwing nets (quivered)
Armour
 a - a +0 animal skin (worn)
Jewellery
 b - a ring of see invisible (left claw)
 d - an amulet of reflection (around neck)
 p - an amulet of magic regeneration
Wands
 q - a wand of polymorph (6)
 u - a wand of iceblast (7)
Scrolls
 e - 4 scrolls of torment
 f - 3 scrolls of magic mapping
 g - 5 scrolls of teleportation
 h - a scroll of butterflies {unknown}
 k - 4 scrolls of poison
 o - a scroll of summoning {unknown}
 r - a scroll of vulnerability {unknown}
 y - a scroll of enchant weapon {unknown}
 A - a scroll of amnesia {unknown}
 C - a scroll of fear {unknown}
 D - a scroll of immolation {unknown}
Potions
 c - a potion of mutation
 i - a potion of invisibility
 j - a potion of haste
 l - 2 potions of resistance
 m - a potion of flight {unknown}
 n - 2 potions of lignification
 s - 6 potions of curing
 v - a potion of brilliance {unknown}
 w - a potion of ambrosia {unknown}
 x - a potion of heal wounds {unknown}
 z - a potion of might {unknown}
 B - a potion of berserk rage


   Skills:
 * Level 5.5 Fighting
 + Level 4.2 Dodging
 * Level 6.6 Unarmed Combat
 + Level 1.8 Evocations


You had 7 spell levels left.
You didn't know any spells.
Your spell library was empty.

Dungeon Overview and Level Annotations

Branches:
Dungeon (6/15)
 Temple: D:4-7

Altars:
Dithmenos
Fedhas
Nemelex Xobeh
Okawaru
Ru
Uskayaw
Vehumet
Wu Jian
Xom

Shops:
D:3 *   D:5 *(!=:


Innate Abilities, Weirdness & Mutations

You are too large for most types of armour.
You have claws for hands.
Your natural rate of healing is unusually fast.
You are covered in fur. (AC +1)
You have tough skin. (AC +1)


Message History

You claw the orc warrior!
The orc warrior is heavily wounded.
You feel very sick.
The orc warrior hits you with a +2 short sword of venom.
* * * LOW HITPOINT WARNING * * *
You are more poisoned.
A red film seems to cover your vision as you go berserk!
You feel yourself moving faster!
You feel mighty!
You feel very sick. The orc warrior closely misses you.
You barely miss the orc warrior.
The orc warrior is heavily wounded.
You feel very sick.
The orc warrior hits you with a +2 short sword of venom.
* * * LOW HITPOINT WARNING * * *
You are more poisoned.
You scratch the orc warrior.
The orc warrior is severely wounded.
* * * LOW HITPOINT WARNING * * *
You feel very sick.
You claw the orc warrior!
The orc warrior is almost dead.
* * * LOW HITPOINT WARNING * * *
You feel very sick.
The orc warrior hits you with a +2 short sword of venom.
* * * LOW HITPOINT WARNING * * *
You are too berserk!
You scratch the orc warrior.
You kill the orc warrior!
Trog accepts your kill.
* * * LOW HITPOINT WARNING * * *
You feel very sick.
* * * LOW HITPOINT WARNING * * *
You feel very sick.
Things that are here:
a +2 short sword of venom; a +0 chain mail; an orc corpse You are too berserk!
There is a lethal amount of poison in your body!
You feel a strong urge to attack something.
You die...

#....## .# ........# ......# ..
#+##.......# ##....# #.
#..#.......# .#....# #.##
#..#######.# ....##.# .### #..#
#..##......# .....+ .# .....#..#
##..##.....## .#...# .## #....)#
#...........# ##...#....#.# ##.#
##..).......#
.....#....#...##@.####..###'#####
.....#....#.........#...#.......#
.....#....#?........#...#.#######
##...#....########..##..#.#.....#
##...#.......#####'###..'.#.._..#
##...#.......#......'...#.#.....#
.....#..>....#......#...#.#⌠#.#⌠#
.....#.......'......#...#.###.###
.....#.......#..##..##..#..)....#


There were no monsters in sight!

Vanquished Creatures
  An orc warrior (D:6)
  2 black bears
  An ogre (D:6)
  The ghost of xian the Cudgeller, an amateur FoWn (D:3)
  A centaur (D:6)
  2 scorpions
  A hound (D:3)
  A jelly (D:6)
  2 orc priests
  Ijyb (D:3)
  2 iguanas
  4 orc wizards
  A mummy (D:6)
  Robin (D:3)
  6 adders
  6 gnolls (D:4)
  A dart slug (D:1)
  31 orcs
  3 ball pythons
  7 endoplasms
  A giant cockroach (D:4)
  12 goblins
  11 hobgoblins
  5 quokkas
  9 bats
  7 frilled lizards
  13 kobolds
  A kobold zombie (D:6)
  3 orc zombies (D:6)
  6 rats
143 creatures vanquished.

Notes
Turn   | Place    | Note
-------+----------+-------------------------------------------
     0 | D:1      | Powertoast the Troll Berserker began the quest for the Orb.
     0 | D:1      | Reached XP level 1. HP: 22/22 MP: 0/0
   327 | D:1      | Reached XP level 2. HP: 29/29 MP: 1/1
   648 | D:2      | Found a faded altar of an unknown god.
   732 | D:2      | Reached XP level 3. HP: 36/36 MP: 2/2
   922 | D:2      | Reached ** piety under Trog
  1485 | D:3      | Reached XP level 4. HP: 35/45 MP: 3/3
  1503 | D:3      | Noticed Robin
  1523 | D:3      | Killed Robin
  1524 | D:3      | Reached skill level 4 in Unarmed Combat
  1582 | D:3      | Found Lucorr's General Store.
  1593 | D:3      | Bought a scroll of identify for 24 gold pieces
  1593 | D:3      | Bought a scroll of teleportation for 36 gold pieces
  1595 | D:3      | Found a shimmering altar of Xom.
  1637 | D:3      | Found a sparkling altar of Nemelex Xobeh.
  1707 | D:3      | Noticed Ijyb
  1821 | D:3      | Killed Ijyb
  2070 | D:3      | Found a hide-covered altar of Uskayaw.
  2136 | D:3      | Found a radiant altar of Vehumet.
  2143 | D:3      | Reached XP level 5. HP: 53/53 MP: 4/4
  2243 | D:3      | Found a runed translucent gate.
  2243 | D:3      | Found a runed translucent gate.
  2243 | D:3      | Noticed xian's ghost (amateur FoWn)
  2258 | D:3      | Found a runed translucent gate.
  2341 | D:3      | Killed xian's ghost
  2342 | D:3      | Reached skill level 5 in Unarmed Combat
  2342 | D:3      | Reached XP level 6. HP: 46/62 MP: 5/5
  2452 | D:4      | Reached *** piety under Trog
  2575 | D:4      | Reached XP level 7. HP: 53/71 MP: 6/6
  2684 | D:4      | Found a blossoming altar of Fedhas.
  2989 | D:4      | Found a sacrificial altar of Ru.
  3214 | D:5      | Entered Level 5 of the Dungeon
  3214 | D:5      | Found Deumorer's Distillery.
  3217 | D:5      | Bought 2 potions of curing for 84 gold pieces
  3217 | D:5      | Bought a potion of degeneration for 14 gold pieces
  3248 | D:5      | Reached skill level 1 in Evocations
  3286 | D:5      | Found Pouguj's Assorted Antiques.
  3338 | D:5      | Found Okkukhli's Antique Weapon Boutique.
  3431 | D:5      | Found Qoskimoo's Jewellery Emporium.
  3486 | D:5      | Reached skill level 5 in Fighting
  3486 | D:5      | Reached skill level 6 in Unarmed Combat
  3571 | D:5      | Found Aprighoska's Book Shoppe.
  3642 | D:5      | Found an ornate altar of the Wu Jian Council.
  3823 | D:5      | Found an iron altar of Okawaru.
  4026 | D:6      | Reached XP level 8. HP: 80/80 MP: 7/7
  4196 | D:6      | Found a shadowy altar of Dithmenos.
  4274 | D:6      | HP: 4/121 [orc warrior/+2 short sword of venom (5)]
  4276 | D:6      | HP: 1/121 [poisoned by an orc warrior]
  4277 | D:6      | Succumbed to an orc warrior's poison

Illustrated notes

Levels and vault maps discovered:
D:1:      scummos_arrival_hexagon, layout_basic, minivault_27
D:2:      minmay_alternating_diamond, layout_basic,
          hellmonk_ecumenical_altar_zigzags
D:3:      layout_basic, nemelex_diamond_rough_becter, lemuel_crystal_altar,
          overflow_temple_1_default, nicolae_uskayaw_suspiria, serial_glass,
          glass_columns_a, glass_columns_a, gammafunk_ghost_split, serial_shops,
          nicolae_diamond_shop, minivault_24, ebering_dispersal_statue_hall,
          uniq_ijyb, uniq_robin
D:4:      layout_layer_cave, fedhas_altar_2, mainiacjoe_overflow_alcove_1
D:5:      layout_loops_cross, mainiacjoe_overflow_cross_hatched,
          amcnicky_altar_gilded, serial_shops, nicolae_take_the_stairs,
          nicolae_shop_advertising_works [nicolae_subvault_shop_adworks],
          nicolae_stop_n_shop_1, shop, shop_fountains, grunt_ministairs_11,
          minmay_stone_trees_small
D:6:      minmay_evil_eye, layout_gridville, mainiacjoe_overflow_alcove_2,
          temple_hall, minmay_mini_ossuary

Skill      XL: |  1  2  3  4  5  6  7 |
---------------+----------------------+-----
Fighting       | 3 4 5 |  5.5
Unarmed Combat | 4 5 6 |  6.6
Dodging        | 3 4 |  4.2
Evocations     | 1 |  1.8

Action                   |  1- 3 |  4- 6 |  7- 9 || total
-------------------------+-------+-------+-------++-------
Melee: Unarmed           |    83 |   162 |   131 ||   376
       Punch             |     1 |     3 |     1 ||     5
Invok: Trog's Hand       |       |     4 |     3 ||     7
       Berserk           |       |     1 |     2 ||     3
  Use: Scroll            |     3 |     2 |     2 ||     7
       Potion            |       |     1 |       ||     1
 Stab: Sleeping          |       |     1 |     2 ||     3
Armor: Animal skin       |    25 |    32 |    19 ||    76
Dodge: Dodged            |    23 |    71 |    46 ||   140
Block: Other             |    14 |    37 |    20 ||    71
       Reflection        |       |     5 |     2 ||     7
